 Dungeon Crawl Stone Soup version 0.27-a0-328-g7f782ed93a (webtiles) character file.

Game seed: 6611048939265825785

23 CurlyBrace the Caller (level 2, -5/12 HPs)
             Began as a Felid Summoner on Feb 11, 2021.
             Killed by nerve-wracking pain
             ... invoked by Jessica
              (12 damage)
             ... on level 2 of the Dungeon.
             The game lasted 00:04:57 (463 turns).

CurlyBrace the Caller (Felid Summoner)               Turns: 463, Time: 00:04:59

Health: -5/12      AC:  1    Str:  4    XL:     2   Next: 75%
Magic:  6/6        EV: 18    Int: 16    God:
Gold:   42         SH:  0    Dex: 16    Spells: 4/5 levels left
                                        Lives:  0   Deaths: 0

rFire    . . .     SeeInvis +     - Unarmed
rCold    . . .     Faith    .   (shield unavailable)
rNeg     . . .     Spirit   .   (armour unavailable)
rPois    .         Reflect  .   (helmet unavailable)
rElec    .         Harm     .   (cloak unavailable)
rCorr    .         Rampage  .   (gloves unavailable)
Will     .....                  (boots unavailable)
Stlth    +++.......             (no amulet)
HPRegen  0.04/turn              (no ring)
MPRegen  0.10/turn              (no ring)

@: quick
A: very small, no armour, no weapons or thrown items, stealth, claws 1, fangs 3,
see invisible, speed 1, shaggy fur 1, sharp paws
a: no special abilities


You were on level 2 of the Dungeon.
You visited 1 branch of the dungeon, and saw 3 of its levels.

You collected 42 gold pieces.

Inventory:

Scrolls
 b - a scroll of fear
 c - a scroll of immolation {unknown}
 t - a scroll of teleportation
Potions
 a - a potion of ambrosia
 d - a potion of might
 w - a potion of heal wounds


   Skills:
 * Level 1.4 Fighting
 - Level 3.0 Dodging
 - Level 3.0 Stealth
 * Level 1.3 Unarmed Combat
 - Level 2.0 Spellcasting
 - Level 4.0 Summonings


You had 4 spell levels left.
You knew the following spells:

 Your Spells              Type           Power        Failure   Level
a - Summon Small Mammal   Summ           56%          4%          1

Your spell library contained the following spells:

 Spells                   Type           Power        Failure   Level
 Call Imp                 Summ           14%          6%          2
 Call Canine Familiar     Summ           14%          12%         3
 Summon Guardian Golem    Hex/Summ       8%           26%         3
 Summon Ice Beast         Ice/Summ       8%           65%         4
 Summon Lightning Spire   Summ/Air       8%           65%         4


Dungeon Overview and Level Annotations

Branches:
Dungeon (3/15)

Altars:
Kikubaaqudgha

Annotations:
D:2 Jessica, Terence


Innate Abilities, Weirdness & Mutations

You cannot wear armour.
You are incapable of wielding weapons or throwing items.
Your paws allow you to move quietly. (Stealth)
You have sharp claws.
You have razor-sharp teeth.
You have supernaturally acute eyesight. (SInv)
You cover ground quickly.
You are covered in fur. (AC +1)
Your sharp claws are effective at attacking unaware monsters.


Message History

Your rat disappears in a puff of smoke!
There is a stone staircase leading up here.
You climb upwards.
Level annotation: Terence A bat comes into view.
Found a potion of heal wounds.
Found a stone staircase leading up.
There is a stone staircase leading down here.
The bat misses you.
You scratch the bat but do no damage. Your bite misses the bat.
The bat closely misses you. The bat hits you but does no damage.
You scratch the bat. Your bite misses the bat.
The bat is severely wounded.
The bat barely misses you. The bat misses you.
You closely miss the bat.
Terence shouts!
You claw the bat.
You kill the bat!
You hear a shout!
A hobgoblin comes into view.
You see here a potion of heal wounds.
w - a potion of heal wounds
There is a stone staircase leading up here.
You climb upwards.
There is a stone staircase leading down here.
You see here 6 gold pieces.
You now have 42 gold pieces (gained 6).
You see here 27 stones.
There is a stone staircase leading down here.
There is an escape hatch in the floor here.
Really go through this one-way escape hatch?
You slide downwards.
The hatch slams shut behind you.
Level annotation: Terence A kobold and Jessica come into view.
The kobold shouts!
Jessica shouts!
Jessica gestures at you while chanting. Pain shoots through your body!
Ouch! That really hurt!
You die...

....$.. ##
.....(## $.
........ .#
......# ###
.##......# ..#
...##....# ##.#
.........# K.#
.........# ###.#
.........# #.@@#
w........###.#.###
.............#
...>.....#####
............#
...)........#
.###........# ##
#........#
##########


You could see Jessica and a kobold.

Vanquished Creatures
  A dart slug (D:2)
  3 bats
  2 giant cockroaches (D:2)
  A goblin (D:3)
  3 frilled lizards
  4 rats
14 creatures vanquished.

Vanquished Creatures (collateral kills)
  An adder (D:2)
  An ooze (D:3)
  A kobold (D:2)
3 creatures vanquished.

Grand Total: 17 creatures vanquished

Notes
Turn   | Place    | Note
-------+----------+-------------------------------------------
     0 | D:1      | CurlyBrace the Felid Summoner began the quest for the Orb.
     0 | D:1      | Reached XP level 1. HP: 7/7 MP: 4/4
   155 | D:2      | Noticed Terence
   181 | D:2      | Found an ancient bone altar of Kikubaaqudgha.
   221 | D:2      | Reached XP level 2. HP: 12/12 MP: 3/6
   238 | D:2      | Reached skill level 1 in Fighting
   267 | D:2      | Reached skill level 1 in Unarmed Combat
   463 | D:2      | Noticed Jessica
   463 | D:2      | Killed from afar by Jessica

Illustrated notes

Levels and vault maps discovered:
D:1:      dpeg_arrival_rooms_a, layout_loops_ring, serial_forest,
          infiniplex_forest_lined_corner, infiniplex_forest_end_3,
          infiniplex_forest_clump_tiny, infiniplex_forest_end_1,
          infiniplex_forest_clump_medium, infiniplex_forest_zigzag_1,
          infiniplex_forest_lined_room_, nrook_mini_backslash
D:2:      layout_rooms, lightli_temple_of_fire, overflow_temple_1_default,
          minmay_misc_feat_ornament, kennysheep_big_empty_room, uniq_terence,
          uniq_jessica
D:3:      layout_loops_ring, nicolae_overflow_hidden_temple, uniq_grinder

Skill      XL: |  1  2 |
---------------+-------+-----
Stealth        | 3 |  3.0
Fighting       | 1 |  1.4
Unarmed Combat | 1 |  1.3
Dodging        | 3 |  3.0
Spellcasting   | |  2.0
Summonings     | |  4.0

Action                   || total
-------------------------++-------
Melee: Unarmed           ||    40
       Punch             ||     1
       Bite              ||     1
 Cast: Summon Small Mamm ||     6
  Use: Scroll            ||     4
       Potion            ||     3
 Stab: Sleeping          ||     3
Armor: Skin              ||     2
Dodge: Dodged            ||    27

Table legend: (Time is in decaauts)
 A = Elapsed time spent in this place.
 B = Non-inter-level travel time spent in this place.
 C = Inter-level travel time spent in this place.
 D = Time resting spent in this place.
 E = Time spent auto-exploring this place.
 F = Levels seen in this place.
 G = Mean time per level.
                   A        B        C        D        E       F      G
               +--------+--------+--------+--------+--------+-----+--------+
         Total |    372 |    372 |      0 |      0 |      0 |   3 |  124.0 |
       Dungeon |    372 |    372 |      0 |      0 |      0 |   3 |  124.0 |
               +--------+--------+--------+--------+--------+-----+--------+

Top non-repeatable levels by time:
     D:2: 143 daAuts
     D:1: 140 daAuts
     D:3: 88 daAuts
